 Dungeon Crawl Stone Soup version 0.18.1-8-gdd0e5ea (webtiles) character file.

3381 Shearov the Skirmisher (level 10, -5/64 HPs)
             Began as a Gargoyle Fighter on June 1, 2016.
             Was a Believer of Okawaru.
             Slain by Erica
             ... wielding a +4 scimitar of flaming
              (10 damage)
             ... on level 8 of the Dungeon.
             The game lasted 00:20:26 (6440 turns).

Shearov the Skirmisher (Gargoyle Fighter)           Turns: 6440, Time: 00:20:29

Health: -5/64      AC: 16    Str: 22    XL:     10   Next: 3%
Magic:  10/10      EV:  8    Int: 10    God:    Okawaru [**....]
Gold:   357        SH:  0    Dex: 12    Spells: 0 memorised, 9 levels left

rFire  x . .     SeeInvis .     q - +5 flail
rCold  + . .     Gourm    .     b - +0 scale mail
rNeg   + . .     Faith    .     C - +0 large shield
rPois  ∞         Spirit   .     (no helmet)
rElec  +         Dismiss  .     (no cloak)
rCorr  .         Reflect  .     (no gloves)
SustAt .         Harm     .     x - +0 pair of boots
MR     .....                    (no amulet)
Stlth  ..........               o - +3 ring of dexterity
                                H - ring of ice

@: confused, slowed, very slow, not resistant to hostile enchantments, extremely
unstealthy
A: negative energy resistance 1, electricity resistance, unbreathing,
petrification resistance, rot immunity, AC +7
a: Heroism, Renounce Religion


You were on level 8 of the Dungeon.
You worshipped Okawaru.
Okawaru was pleased with you.
You were not hungry.

You visited 2 branches of the dungeon, and saw 9 of its levels.

You collected 357 gold pieces.

Inventory:

Hand Weapons
 a - a +0 flail
 q - a +5 flail (weapon)
 D - a +0 dire flail
Armour
 b - a +0 scale mail (worn)
 c - a +0 shield
 x - a +0 pair of boots (worn)
 C - a +0 large shield (worn)
 I - the +1 robe "Ucothrana" {+Fly Int+4}
   (You found it on level 8 of the Dungeon)

   It affects your intelligence (+4).
   It lets you fly.
Jewellery
 e - an uncursed ring of protection from cold
 g - an uncursed ring of protection from fire
 i - an uncursed ring of flight
 m - an uncursed ring of teleportation
 o - a +3 ring of dexterity (right hand)
 t - an uncursed ring of protection from cold
 E - an uncursed ring of wizardry
 H - a ring of ice (left hand)
Wands
 F - a wand of iceblast (3/15)
 G - a wand of paralysis (15/24)
 J - a wand of teleportation (3/9)
 L - a wand of paralysis (7/24)
Scrolls
 h - 8 scrolls of teleportation
 j - 2 scrolls of enchant weapon
 n - a scroll of blinking
 r - 2 scrolls of recharging
 y - a scroll of remove curse
 M - a scroll of amnesia
 N - 2 scrolls of fear {unknown}
Potions
 d - 4 potions of might
 k - 3 potions of ambrosia
 l - 2 potions of curing
 u - a potion of heal wounds
 v - a potion of berserk rage
 z - 2 potions of haste {unknown}
Books
 A - a book of Power

   Spells                             Type                      Level
   a - Fulminant Prism                Conjuration/Hexes            4
   b - Iskenderun's Mystic Blast      Conjuration                  4
   c - Venom Bolt                     Conjuration/Poison           5
   d - Bolt of Magma                  Conjuration/Fire/Earth       5
   e - Iron Shot                      Conjuration/Earth            6
   f - Orb of Destruction             Conjuration                  7
   g - Spellforged Servitor           Conjuration/Summoning        7
 K - a book of Air

   Spells                             Type                      Level
   a - Shock                          Conjuration/Air              1
   b - Swiftness                      Charms/Air                   2
   c - Repel Missiles                 Charms/Air                   2
   d - Static Discharge               Conjuration/Air              3
   e - Lightning Bolt                 Conjuration/Air              5
Comestibles
 f - 9 bread rations
 p - 4 beef jerkies
 s - 9 slices of pizza
 w - 5 meat rations
 B - 10 fruits


   Skills:
 * Level 7.9 Fighting
 * Level 7.5 Maces & Flails
 * Level 7.5 Armour
 + Level 3.5 Dodging
 + Level 0.8 Stealth
 + Level 7.6 Shields


You had 9 spell levels left.
You didn't know any spells.

Dungeon Overview and Level Annotations

Branches:
Dungeon (8/15)             Temple (1/1) D:6
   Lair: D:8-11

Altars:
Ashenzari
Cheibriados
Dithmenos
Elyvilon
Fedhas
Gozag
Kikubaaqudgha
Makhleb
Nemelex Xobeh
Okawaru
Pakellas
Qazlal
Ru
Sif Muna
Trog
Vehumet
Xom
Yredelemnul
Zin
The Shining One

Shops:
D:6 [

Annotations:
D:6 1 runed door
D:8 Erica


Innate Abilities, Weirdness & Mutations

You are resistant to torment.
Your stone body is resilient (AC +7).
You are immune to poison.
You resist negative energy.
You are resistant to electric shocks.
You can survive without breathing.
You are immune to petrification.
You are immune to rotting.


Message History

* * * LOW HITPOINT WARNING * * *
Something burns you!
* * * LOW HITPOINT WARNING * * *
You sock something! Something hits you.
* * * LOW HITPOINT WARNING * * *
Something burns you.
* * * LOW HITPOINT WARNING * * *
Drink which item? (? for menu, Esc to quit)
You feel much better. Something hits you but does no damage.
You hear some strange, mumbled words.
You are confused.
You bump into the rock wall.
Something hits you. Something burns you. Something hits you but does no damage.
You miss something.
You hear some strange, mumbled words.
An orb of energy appears from out of thin air!
The orb of energy hits you!
* * * LOW HITPOINT WARNING * * *
Something hits you!
You die...

#.# #..........[...........
#.###### #......................
#......####......................
.................................
######.####......................
.......# #..................)...
######### #..................)[..
......... ....##.##############..
#.[...... #..=#{@.....# #...
#.####### #...#..####.# #... #.#
...#..# #... #.# #..# #### #.#
#..# #.# #..# #.# ...# #.# ##..
###### ..# #.....


There were no monsters in sight!

Vanquished Creatures
  Joseph (D:8)
  A hippogriff (D:7)
  A human (D:7)
  Grum (D:8)
  A hungry ghost (D:8)
  An eye of draining (D:8)
  An ice beast (D:5)
  A phantom (D:4)
  2 wolves (D:8)
  3 centaurs
  A wyvern zombie (D:8)
  2 giant frogs
  5 scorpions
  5 wights (D:8)
  2 crimson imps
  5 howler monkeys
  A jelly (D:6)
  3 orc priests
  A giant frog skeleton (D:4)
  3 orc wizards
  A centaur skeleton (D:5)
  Terence (D:2)
  3 iguanas
  6 worker ants
  4 sheep (D:7)
  A hound zombie (D:7)
  A hound skeleton (D:8)
  11 gnolls
  11 adders
  A shadow imp (D:8)
  2 oozes
  2 adder skeletons
  An adder zombie (D:7)
  2 worms
  3 dart slugs
  6 giant geckos
  10 orcs
  2 ball pythons
  4 giant cockroaches
  6 hobgoblins
  10 jackals
  10 kobolds
  8 quokkas
  8 bats
  A giant gecko skeleton (D:4)
  A giant newt (D:6)
  7 goblins
  A kobold zombie (D:6)
  5 rats
170 creatures vanquished.

Vanquished Creatures (others)
  A rat (D:3)
1 creature vanquished.

Grand Total: 171 creatures vanquished

Notes
Turn   | Place    | Note
--------------------------------------------------------------
     0 | D:1      | Shearov the Gargoyle Fighter began the quest for the Orb.
     0 | D:1      | Reached XP level 1. HP: 14/14 MP: 1/1
    84 | D:1      | Reached XP level 2. HP: 14/19 MP: 2/2
   240 | D:1      | Reached XP level 3. HP: 23/24 MP: 3/3
   709 | D:2      | Reached XP level 4. HP: 29/29 MP: 4/4
   812 | D:2      | Noticed Terence
   818 | D:2      | Killed Terence
   881 | D:2      | Reached skill level 1 in Dodging
   881 | D:2      | Reached XP level 5. HP: 33/33 MP: 5/5
  1319 | D:3      | Reached XP level 6. HP: 25/39 MP: 6/6
  1631 | D:3      | Found a bloodstained altar of Trog.
  2371 | D:4      | Noticed a phantom
  2383 | D:4      | Killed a phantom
  2383 | D:4      | Reached skill level 5 in Fighting
  2383 | D:4      | Reached XP level 7. HP: 40/44 MP: 7/7
  3111 | D:5      | Entered Level 5 of the Dungeon
  3144 | D:5      | Reached skill level 5 in Armour
  3144 | D:5      | Reached skill level 5 in Shields
  3155 | D:5      | Reached skill level 5 in Maces & Flails
  3330 | D:5      | Reached XP level 8. HP: 51/51 MP: 8/8
  3656 | D:6      | Found a staircase to the Ecumenical Temple.
  3679 | Temple   | Entered the Ecumenical Temple
  3777 | Temple   | Became a worshipper of Warmaster Okawaru
  3918 | D:6      | Found a runed door.
  3922 | D:6      | Found a basalt altar of Yredelemnul.
  3968 | D:6      | Found Viap's Armour Emporium.
  5222 | D:7      | Reached XP level 9. HP: 46/56 MP: 9/9
  5267 | D:7      | Reached * piety under Okawaru
  5358 | D:7      | Found an oddly glowing altar of Pakellas.
  5363 | D:7      | Found a blossoming altar of Fedhas.
  5482 | D:8      | Noticed Joseph
  5501 | D:8      | Killed Joseph
  5538 | D:8      | Got an ichor-stained robe
  5549 | D:8      | Identified the +1 robe "Ucothrana" {+Fly Int+4} (You found it on level 8 of the Dungeon)
  5734 | D:8      | Reached ** piety under Okawaru
  5852 | D:8      | Noticed Grum
  5906 | D:8      | Killed Grum
  5935 | D:8      | Reached XP level 10. HP: 22/64 MP: 8/10
  6416 | D:8      | Noticed Erica
  6440 | D:8      | Slain by Erica

Skill      XL: |  1  2  3  4  5  6  7  8  9 |
---------------+----------------------------+-----
Fighting       | 4 5 6 7 |  7.9
Shields        | 4 5 6 7 |  7.6
Armour         | 4 5 6 7 |  7.5
Dodging        | 1 2 3 |  3.5
Maces & Flails | 3 4 5 6 7 |  7.5
Stealth        | |  0.8

Action                   |  1- 3 |  4- 6 |  7- 9 | 10-12 || total
-------------------------+-------+-------+-------+-------++-------
Melee: Flail             |   141 |   147 |   368 |    34 ||   690
Invok: Heroism           |       |       |     1 |       ||     1
  Use: Scroll            |     3 |     8 |     2 |       ||    13
       Potion            |       |     3 |     1 |     1 ||     5
  Eat: Chunk             |       |     5 |    13 |     2 ||    20
       Bread ration      |       |       |     1 |       ||     1
Armor: Scale mail        |   127 |    79 |   159 |     8 ||   373
Dodge: Dodged            |    68 |    54 |   101 |     2 ||   225
Block: Shield            |   100 |    57 |    79 |       ||   236
       Large shield      |       |       |   220 |    14 ||   234
